 Dungeon Crawl Stone Soup version 0.28.0-43-g3370ac3207 (webtiles) character file.

Game seed: 17963939801918804906

17477 demenzo the Cleaver (level 12, -5/108 HPs)
             Began as a Minotaur Cinder Acolyte on Mar 20, 2022.
             Was an Elder of Ignis.
             Slain by a seven-headed hydra (6 damage)
             ... on level 2 of the Lair of Beasts on Mar 21, 2022.
             The game lasted 00:22:05 (19055 turns).

demenzo the Cleaver (Minotaur Cinder Acolyte)      Turns: 19055, Time: 00:22:06

Health: -5/108     AC: 15    Str: 21    XL:     12   Next: 19%
Magic:  12/12      EV:  7    Int: 11    God:    Ignis [****..]
Gold:   818        SH:  9    Dex:  9    Spells: 13/13 levels left

rFire   + . .      SeeInvis .   c - -1 hand axe (flame)
rCold   + . .      Faith    .   O - +0 kite shield
rNeg    . . .      Spirit   .   D - +1 plate armour
rPois   .          Reflect  .   (helmet restricted)
rElec   .          Harm     .   (no cloak)
rCorr   .          Rampage  .   (no gloves)
Will    .....                   (no boots)
Stlth   ..........              C - amulet of magic regeneration
HPRegen 0.28/turn               K - ring of protection from cold
MPRegen 0.53/turn               (no ring)

@: no status effects
A: horns 2, retaliatory headbutt
a: Renounce Religion, Fiery Armour, Foxfire Swarm, Rising Flame


You were on level 2 of the Lair of Beasts.
You worshipped Ignis.
Ignis was greatly pleased with you.
You visited 3 branches of the dungeon, and saw 14 of its levels.

You collected 818 gold pieces.

Inventory:

Hand Weapons
 a - a +6 war axe of freezing
 c - a -1 hand axe of flaming (weapon)
 u - a +0 hand crossbow
 A - a +1 flail of venom
Missiles
 e - a throwing net
 f - 107 bolts
 o - 276 stones (quivered)
 q - 46 poisoned darts
 r - 30 boomerangs
 v - 215 arrows
 H - 12 boomerangs of dispersal
 I - 7 curare-tipped darts
 J - 149 sling bullets
Armour
 p - a +2 buckler of cold resistance
 t - a +1 chain mail of cold resistance
 D - a +1 plate armour (worn)
 O - a +0 kite shield (worn)
Jewellery
 C - an amulet of magic regeneration (around neck)
 K - a ring of protection from cold (left hand)
Wands
 i - a wand of iceblast (4)
 w - a wand of paralysis (6)
 z - a wand of flame (47)
 G - a wand of acid (6)
 N - a wand of digging (3)
 P - a wand of charming (7)
Scrolls
 b - 2 scrolls of immolation
 g - 2 scrolls of fog
 k - 2 scrolls of silence
 m - 2 scrolls of vulnerability
 n - a scroll of enchant armour
 y - 4 scrolls of blinking
 B - a scroll of noise
 L - a scroll of teleportation
 M - a scroll of brand weapon {unknown}
 Q - a scroll of acquirement {unknown}
 S - 8 scrolls of identify
Potions
 d - 2 potions of curing
 h - 6 potions of flight
 j - 2 potions of berserk rage
 l - a potion of magic
 s - 2 potions of mutation
 x - 4 potions of degeneration
 E - a potion of cancellation
 R - 2 potions of resistance


   Skills:
 + Level 10.8 Fighting
 * Level 14.6 Axes
 + Level 10.1 Armour
 + Level 9.3 Dodging
 + Level 8.3 Shields
 - Level 1.0 Spellcasting
 - Level 2.1 Fire Magic


You had 13 spell levels left.
You didn't know any spells.
Your spell library contained the following spells:

 Spells                   Type           Power      Damage    Failure   Level
 Animate Skeleton         Necr           0%         N/A       100%        1
 Apportation              Tloc           0%         N/A       100%        1
 Pain                     Necr           0%         1d4       100%        1
 Summon Small Mammal      Summ           0%         N/A       100%        1
 Blink                    Tloc           0%         N/A       100%        2
 Ensorcelled Hibernation  Hex/Ice        0%         N/A       100%        2
 Passwall                 Tmut/Erth      0%         N/A       100%        2
 Scorch                   Fire           10%        2d6       100%        2
 Dazzling Flash           Conj/Hex       0%         N/A       100%        3
 Frozen Ramparts          Ice            0%         1d2       100%        3
 Lesser Beckoning         Tloc           0%         N/A       100%        3
 Swiftness                Air            0%         N/A       100%        3
 Vampiric Draining        Necr           0%         2d6       100%        3
 Hailstorm                Conj/Ice       0%         3d3       100%        4
 Ice Form                 Ice/Tmut       0%         N/A       100%        4
 Iskenderun's Mystic Bla  Conj/Tloc      0%         2d3       100%        4
 Summon Ice Beast         Ice/Summ       0%         N/A       100%        4
 Manifold Assault         Tloc           0%         N/A       100%        5
 Simulacrum               Ice/Necr       0%         N/A       100%        6
 Starburst                Conj/Fire      1%         6d3       100%        6


Dungeon Overview and Level Annotations

Branches:
Dungeon (11/15)            Temple (1/1) D:7            Lair (2/6) D:10
    Orc (0/2) D:10
  Swamp: Lair:2-4    Shoals: Lair:2-4     Snake: Lair:2-4    Spider: Lair:2-4

Altars:
Ashenzari
Cheibriados
Dithmenos
Elyvilon
Fedhas
Gozag
Hepliaklqana
Kikubaaqudgha
Makhleb
Nemelex Xobeh
Okawaru
Qazlal
Ru
Sif Muna
Trog
Uskayaw
Vehumet
Wu Jian
Xom
Yredelemnul
Zin
The Shining One

Annotations:
D:8 3 runed translucent doors, pkoi's ghost, novice DrMo
D:9 exclusion: obsidian statue


Innate Abilities, Weirdness & Mutations

You have a pair of horns on your head.
You reflexively headbutt those who attack you in melee.


Message History

You burn the seven-headed hydra.
The seven-headed hydra is moderately wounded.
You block the seven-headed hydra's attack.
The seven-headed hydra closely misses you.
You block the seven-headed hydra's attack.
The seven-headed hydra completely misses you.
The seven-headed hydra bites you.
You block the seven-headed hydra's attack.
The seven-headed hydra bites you!
You hit the seven-headed hydra. You burn the seven-headed hydra.
The seven-headed hydra is moderately wounded.
The seven-headed hydra barely misses you.
You furiously retaliate!
You headbutt the seven-headed hydra! The seven-headed hydra bites you!
* * * LOW HITPOINT WARNING * * *
The seven-headed hydra bites you!
* * * LOW HITPOINT WARNING * * *
The seven-headed hydra bites you.
* * * LOW HITPOINT WARNING * * *
The seven-headed hydra bites you but does no damage.
The seven-headed hydra bites you.
* * * LOW HITPOINT WARNING * * *
The seven-headed hydra bites you but does no damage.
Unknown command.
The seven-headed hydra bites you but does no damage. x2
The seven-headed hydra bites you.
* * * LOW HITPOINT WARNING * * *
The seven-headed hydra barely misses you. x2
The seven-headed hydra bites you.
* * * LOW HITPOINT WARNING * * *
The seven-headed hydra bites you.
* * * LOW HITPOINT WARNING * * *
Unknown command.
Unknown command.
The seven-headed hydra bites you!
* * * LOW HITPOINT WARNING * * *
The seven-headed hydra bites you.
* * * LOW HITPOINT WARNING * * *
The seven-headed hydra bites you.
You die...

##<.## ### #....###
##.>>..# #..#..P#
###.#.'######
#............#
##........#.########
#...............##.#####
.+........####..@......#
#.........#......Dl.#..##
##...................P.P#
###.+.#............Y...#
#..##...........Y....#
#.##.......≈....Y....# #
##.##.....≈≈≈≈≈.......#.#
#..##.....≈≈≈.≈≈≈......#
##........≈≈..≈..≈.....##


You could see a seven-headed hydra, a komodo dragon and 3 yaks.

Vanquished Creatures
  A boulder beetle (D:11)
  2 hydras (Lair:1)
  A centaur warrior (D:10)
  A cyclops (D:11)
  A black mamba (Lair:1)
  2 cane toads (Lair:1)
  A gargoyle (D:11)
  6 komodo dragons
  2 kobold demonologists (D:10)
  A troll (D:10)
  A hornet (D:10)
  Eustachio (D:5)
  A shadow (D:11)
  A wraith (D:8)
  A vampire (D:11)
  24 yaks
  2 basilisks
  2 vampire mosquitoes (D:11)
  A steam dragon (D:8)
  An acid dragon (D:8)
  2 water moccasins (Lair:1)
  7 orc warriors
  A sky beast (D:5)
  A black bear (D:4)
  3 necrophages
  3 ogres
  7 centaurs
  6 kobold brigands
  4 phantoms
  7 bullfrogs
  5 gnoll sergeants
  A water moccasin zombie (D:6)
  11 wights
  9 killer bees
  2 howler monkeys
  2 electric eels (Lair:2)
  3 centaur zombies
  A bullfrog zombie (D:5)
  A bullfrog skeleton (D:4)
  4 hounds
  4 jellies
  6 orc priests
  2 centaur skeletons
  A gnoll shaman (D:5)
  An iguana (D:5)
  6 orc wizards
  A killer bee zombie (D:5)
  A hound skeleton (D:4)
  Robin (D:4)
  32 gnolls
  An adder (D:2)
  A white imp (D:6)
  2 worms (D:2)
  5 dart slugs
  34 orcs
  2 bats (D:1)
  6 endoplasms
  A giant cockroach (D:3)
  16 goblins
  4 hobgoblins
  4 jackals (D:2)
  4 quokkas
  3 ball pythons
  5 frilled lizards
  34 kobolds
  6 rats
316 creatures vanquished.

Vanquished Creatures (others)
  A fungus (Lair:2)
  54 plants
55 creatures vanquished.

Grand Total: 371 creatures vanquished

Notes
Turn   | Place    | Note
-------+----------+-------------------------------------------
     0 | D:1      | demenzo the Minotaur Cinder Acolyte began the quest for the
                  | Orb.
     0 | D:1      | Reached XP level 1. HP: 19/19 MP: 1/1
   229 | D:1      | Reached XP level 2. HP: 26/27 MP: 2/2
   262 | D:1      | Reached skill level 4 in Axes
   586 | D:1      | Reached skill level 1 in Armour
   590 | D:1      | Reached skill level 1 in Dodging
   907 | D:2      | Found a faded altar of an unknown god.
  1002 | D:2      | Reached XP level 3. HP: 25/33 MP: 3/3
  1934 | D:3      | You fall into a shaft and drop 3 floors!
  1943 | D:6      | Reached XP level 4. HP: 40/40 MP: 4/4
  1984 | D:6      | Reached skill level 1 in Shields
  2189 | D:6      | Reached skill level 5 in Axes
  2189 | D:6      | Reached XP level 5. HP: 23/47 MP: 5/5
  2614 | D:6      | Noticed a phantom
  2626 | D:6      | Reached XP level 6. HP: 23/53 MP: 6/6
  2630 | D:6      | Noticed an orc warrior
  2657 | D:5      | Entered Level 5 of the Dungeon
  2688 | D:5      | Noticed a sky beast
  2731 | D:5      | Reached skill level 5 in Fighting
  2731 | D:5      | Reached skill level 6 in Axes
  2845 | D:3      | Reached XP level 7. HP: 17/61 MP: 7/7
  3873 | D:4      | Reached skill level 7 in Axes
  3983 | D:4      | Noticed Robin
  4006 | D:4      | Killed Robin
  4219 | D:4      | Reached XP level 8. HP: 70/70 MP: 8/8
  4519 | D:5      | Noticed Eustachio
  4549 | D:5      | Killed Eustachio
  4602 | D:5      | Reached skill level 8 in Axes
  4755 | D:5      | Reached skill level 5 in Armour
  5790 | D:6      | Reached skill level 5 in Shields
  6086 | D:6      | Reached skill level 5 in Dodging
  6099 | D:6      | Reached skill level 9 in Axes
  6099 | D:6      | Reached XP level 9. HP: 74/78 MP: 9/9
  6969 | D:7      | Found a staircase to the Ecumenical Temple.
  7813 | Temple   | Entered the Ecumenical Temple
  9013 | D:7      | Reached skill level 10 in Axes
  9908 | D:8      | Found a runed translucent gate.
  9908 | D:8      | Found a runed translucent gate.
  9910 | D:8      | Found a runed translucent gate.
  9911 | D:8      | Noticed an 11-headed hydra
  9911 | D:8      | Noticed pkoi's ghost (novice DrMo)
 10112 | D:7      | Reached skill level 11 in Axes
 10112 | D:7      | Reached XP level 10. HP: 34/88 MP: 10/10
 11570 | D:9      | Noticed an obsidian statue
 11810 | D:9      | Reached skill level 12 in Axes
 12006 | D:10     | Entered Level 10 of the Dungeon
 12006 | D:10     | Found an opulent altar of Gozag.
 12630 | D:10     | Noticed a centaur warrior
 13044 | D:10     | Found a staircase to the Orcish Mines.
 13169 | D:10     | Found a staircase to the Lair.
 14264 | D:10     | Reached XP level 11. HP: 80/97 MP: 11/11
 14280 | D:10     | Killed a centaur warrior
 14547 | D:10     | Noticed a sixfirhy
 14558 | D:10     | Reached skill level 13 in Axes
 15471 | D:11     | Found a white marble altar of Elyvilon.
 15741 | D:11     | Reached skill level 10 in Fighting
 16131 | D:11     | Noticed a boulder beetle
 16145 | D:11     | Killed a boulder beetle
 16805 | Lair:1   | Entered Level 1 of the Lair of Beasts
 16882 | Lair:1   | Noticed an eight-headed hydra
 16891 | Lair:1   | Killed a six-headed hydra
 17232 | Lair:1   | Reached skill level 14 in Axes
 17488 | Lair:1   | Noticed a six-headed hydra
 17499 | Lair:1   | Killed a four-headed hydra
 17810 | Lair:1   | Reached XP level 12. HP: 88/108 MP: 12/12
 18041 | Lair:1   | Reached skill level 10 in Armour
 19014 | Lair:2   | Noticed an eight-headed hydra
 19055 | Lair:2   | HP: 1/108 [seven-headed hydra (5)]
 19055 | Lair:2   | Slain by a seven-headed hydra

Illustrated notes

Levels and vault maps discovered:
D:1:      scummos_arrival_simple_crosswalls, layout_basic,
          grunt_decor_mini_mirrors, minmay_tetromino_t4
D:2:      layout_loops_ring, dreamdust_ecumenical_altar_statues,
          lexackson_kobold_supper
D:3:      layout_rooms, kennysheep_nub
D:4:      layout_basic, uniq_robin
D:5:      layout_gridville, uniq_eustachio
D:6:      layout_basic, minmay_unpleasant_kobolds
D:7:      layout_cave_pools, minmay_temple_entry_arrows, serial_park,
          serial_park_tiny_pond, serial_park_tiny_2, serial_park_square1
          [serial_park_minivault_5x5_4], serial_park_tiny_2,
          serial_park_square2, hangedman_abyss_or_decor_passed
D:8:      layout_rooms, gammafunk_ghost_hydra_chop
D:9:      layout_basic, minmay_statue_bubble
D:10:     layout_stronghold, mainiacjoe_overflow_tiny_flanked,
          david_lair_shrubbed, david_orc_4, grunt_tough_drop
D:11:     layout_cave_pods, nicolae_elyvilon_temple_path
Temple:   mainiacjoe_temple_starburst
Lair:1:   layout_big_grid
Lair:2:   layout_roguey, disabler_island, uniq_gastronok

Skill      XL: |  1  2  3  4  5  6  7  8  9 10 11 12 |
---------------+-------------------------------------+-----
Axes           | 4 5 6 7 9 11 12 14 | 14.6
Armour         | 1 2 3 4 5 7 8 9 10 | 10.1
Dodging        | 1 2 3 5 6 7 9 |  9.3
Fighting       | 4 5 6 8 9 10 | 10.8
Shields        | 1 2 3 5 6 8 |  8.3
Spellcasting   | |  1.0
Fire Magic     | |  2.1

Action                   |  1- 3 |  4- 6 |  7- 9 | 10-12 || total
-------------------------+-------+-------+-------+-------++-------
Melee: Hand axe          |    98 |    82 |   130 |    13 ||   323
       Headbutt          |    12 |    11 |    69 |    85 ||   177
       Flail             |       |       |   185 |       ||   185
       War axe           |       |       |    67 |   404 ||   471
Invok: Fiery Armour      |       |     4 |       |       ||     4
Evoke: Wand              |       |       |       |     4 ||     4
  Use: Scroll            |       |     3 |     8 |    10 ||    21
       Potion            |       |     1 |     1 |       ||     2
 Stab: Invisible         |       |     4 |       |       ||     4
       Paralysed         |       |       |       |     5 ||     5
Armor: Robe              |    12 |       |       |       ||    12
       Ring mail         |    27 |     8 |       |       ||    35
       Chain mail        |       |    33 |   178 |     3 ||   214
       Plate armour      |       |       |       |   227 ||   227
Dodge: Dodged            |    61 |    23 |   162 |   157 ||   403
Block: Buckler           |     5 |    19 |   133 |     7 ||   164
       Kite shield       |       |       |       |   234 ||   234
